 Dungeon Crawl Stone Soup version 0.31.0-11-ge490571c62 (webtiles) character file.

Game seed: 10805650254873171340

247 iamserjio the Chopper (level 5, -7/47 HPs)
             Began as a Minotaur Fighter on Feb 4, 2024.
             Mangled by Menkaure (19 damage)
             ... in an ossuary.
             The game lasted 00:01:54 (1788 turns).

iamserjio the Chopper (Minotaur Fighter)            Turns: 1788, Time: 00:01:54

Health: -7/47      AC:  7    Str: 23    XL:     5   Next: 85%
Magic:  4/4        EV:  9    Int:  5    God:
Gold:   99         SH:  4    Dex:  9    Spells: 4/4 levels left

rFire   . . .        a - +0 war axe
rCold   . . .        c - +0 buckler
rNeg    + . .        b - +0 scale mail
rPois   .            (helmet restricted)
rElec   .            (no cloak)
rCorr   .            (no gloves)
SInv    .            (no boots)
Will    .....        (no amulet) Stlth
                     h - ring of positive energy
HPRegen 0.27/turn    (no ring)
MPRegen 0.09/turn

%: no passive effects
@: no status effects
A: horns 2, retaliatory headbutt
a: no special abilities


You were in an ossuary.
You visited 1 branch of the dungeon, and saw 4 of its levels.
You also visited: Ossuary.

You collected 99 gold pieces.

Inventory:

Hand Weapons
 a - a +0 war axe (weapon)
Armour
 b - a +0 scale mail (worn)
 c - a +0 buckler (worn)
Jewellery
 h - a ring of positive energy (left hand)
Wands
 i - a wand of flame (15)
Scrolls
 e - 2 scrolls of identify {unknown}
 f - a scroll of revelation {unknown}
 g - a scroll of teleportation {unknown}
 k - a scroll of torment {unknown}
 l - a scroll of poison {unknown}
Potions
 d - a potion of might {@q3}
 j - a potion of ambrosia {unknown}
 m - a potion of resistance {unknown}


   Skills:
 + Level 4.8 Fighting
 * Level 5.1 Axes
 + Level 4.7 Armour
 + Level 4.8 Shields


You had 4 spell levels left.
You didn't know any spells.
Your spell library contained the following spells:

 Spells                   Type           Power      Damage    Failure   Level
 Necrotise                Necr           0%         1d4       83%         1
 Static Discharge         Conj/Air       0%         3-3/arc   93%         2
 Vampiric Draining        Necr           0%         2d6       99%         3
 Airstrike                Air            0%         2d(0-16)  100%        4
 Martyr's Knell           Necr/Summ      0%         N/A       100%        4
 Summon Lightning Spire   Summ/Air       0%         N/A       100%        4
 Curse of Agony           Necr           0%         N/A       100%        5


Dungeon Overview and Level Annotations

Branches:
Dungeon (4/15) Zot: 22531 Ossuary (1/1) Zot: 5566
 Temple: D:4-7

Altars:
Qazlal
Xom

Annotations:
Ossuary Menkaure


Innate Abilities, Weirdness & Mutations

You have a pair of horns on your head.
You reflexively headbutt those who attack you in melee.


Message History

No target in view!
No target in view!
No target in view!
No target in view!
No target in view!
No target in view!
A mummy is nearby!
A mummy is nearby!
A mummy is nearby!
Menkaure and a mummy come into view.
Found seven items.
Found two gates leading back out of this place.
Menkaure shouts!
The mummy hits you.
There is a large open door, spattered with blood here.
You slash the mummy! You slash the mummy!
You destroy the mummy!
No target in view!
No target in view!
You start resting.
A mummy is nearby!
h - a ring of positive energy (left hand)
You slash the mummy! The mummy hits you!
You slash the mummy!
You destroy the mummy!
You slash Menkaure! Menkaure closely misses you.
You hit Menkaure but do no damage.
Menkaure calls on the powers of darkness!
Your body is wracked with pain!
* * * LOW HITPOINT WARNING * * *
You slash Menkaure!
Menkaure gestures at you while chanting.
You barely resist. You closely miss Menkaure.
Menkaure calls on the powers of darkness!
Your body is wracked with pain!
* * * LOW HITPOINT WARNING * * *
You hit Menkaure but do no damage. Menkaure hits you!!
You die...

..##..##..####..##..##..##
.##..##..##??##..##..##..##
##..##..##??!!##..##..##..##
#..##.^## .?!.!##..##..##..##
..##..## ?∩∩?..##..##..##..##
.##..## .??....##..##..##..##
##..## .??.MM..##..##..##..##
#..##############M'##..##..##..##
................@..^##..##..##..#
#######################..##..##..
.......................^^.##..##.
#############################..##
................................#
#################################


You could see Menkaure.

Vanquished Creatures
  A hound (D:3)
  Jessica (D:3)
  Natasha (D:3)
  3 mummies (Ossuary)
  5 adders
  A dart slug (D:2)
  3 orcs (D:3)
  2 ball pythons (D:1)
  5 endoplasms
  4 giant cockroaches
  4 gnoll zombies (Ossuary)
  2 hobgoblins
  A quokka (D:2)
  7 bats
  2 frilled lizards
  6 gnoll skeletons (Ossuary)
  3 goblins
  A goblin skeleton (Ossuary)
  4 goblin zombies (Ossuary)
  3 hobgoblin skeletons (Ossuary)
  3 hobgoblin zombies (Ossuary)
  6 kobolds
  2 kobold skeletons (Ossuary)
  6 kobold zombies (Ossuary)
  5 orc skeletons (Ossuary)
  3 orc zombies (Ossuary)
  2 rats
  8 rat skeletons (Ossuary)
  5 rat zombies (Ossuary)
99 creatures vanquished.

Notes
Turn   | Place    | Note
-------+----------+-------------------------------------------
     0 | D:1      | iamserjio the Minotaur Fighter began the quest for the Orb.
     0 | D:1      | Reached XP level 1. HP: 19/19 MP: 0/0
    73 | D:1      | Reached XP level 2. HP: 27/27 MP: 1/1
   277 | D:1      | Reached skill level 3 in Axes
   701 | D:2      | Reached XP level 3. HP: 33/33 MP: 2/2
   736 | D:3      | Noticed Jessica
   748 | D:3      | Killed Jessica
   749 | D:3      | Reached XP level 4. HP: 40/40 MP: 3/3
   916 | D:3      | Noticed an earth elemental
   919 | D:3      | Found a stormy altar of Qazlal.
   921 | D:3      | Noticed an air elemental
   921 | D:3      | Noticed a water elemental
   921 | D:3      | Noticed a fire elemental
   964 | D:3      | Reached skill level 4 in Axes
  1230 | D:3      | Noticed Natasha
  1233 | D:3      | Killed Natasha
  1234 | D:3      | Reached XP level 5. HP: 39/47 MP: 4/4
  1370 | D:4      | Found a shimmering altar of Xom.
  1380 | D:4      | Found a sand-covered staircase.
  1383 | Ossuary  | Entered an ossuary
  1757 | Ossuary  | Reached skill level 5 in Axes
  1776 | Ossuary  | Noticed Menkaure
  1788 | Ossuary  | Mangled by Menkaure

Illustrated notes

Levels and vault maps discovered:
D:1:      dpeg_arrival_rooms_with_view, layout_basic, minmay_statues_item,
          chequers_serial_rivers_large_b
D:2:      layout_loops_corners
D:3:      layout_basic, nicolae_qazlal_style_of_elements, st_stairs_10,
          uniq_jessica, uniq_natasha
D:4:      layout_basic, nicolae_elyvilon_peaceful_grove,
          yredelemnul_altar_generic, xom_teletrap_fun,
          nicolae_ossuary_entry_plus, kennysheep_another_room
Ossuary:  ossuary_due_pyramid

Skill      XL: |  1  2  3  4  5 |
---------------+----------------+-----
Axes           | 3 4 5 |  5.1
Fighting       | 4 |  4.8
Armour         | 4 |  4.7
Shields        | 4 |  4.8

Action                     |  1- 3 |  4- 6 || total
---------------------------+-------+-------++-------
  Melee: War axe           |    59 |   136 ||   195
         Headbutt          |     4 |    27 ||    31
 Armour: Scale mail        |    36 |    67 ||   103
  Dodge: Dodged            |    33 |    50 ||    83
  Block: Buckler           |     9 |    14 ||    23
